Workbook

Sheet Journalize
B3: Journal Entry
B4: Date | C4: Details | D4: Dr. | E4: Cr.
B5: 43466 | C5: Cash | D5: 99000
C6: Ordinary Share Capital | E6: 99000
C7: To record Ordinary share Purchase
B8: 43587 | C8: Land | D8: 43200
C9: Cash | E9: 43200
C10: To record Purchase of Land
B11: 43527 | C11: Accounts Receivable | D11: 310000
C12: Service Revenue | E12: 310000
C13: To record service revenue on account
B14: 43469 | C14: Cash | D14: 264800
C15: Accounts Receivable | E15: 264800
C16: To record the Receipt from debtors
C17: Equipment | D17: 110000
B18: 43743 | C18: Cash | E18: 110000
C19: To record Purchase of Equipment
C20: Supplies | D20: 10800
B21: 15/8/2019 | C21: Accounts Payable | E21: 10800
C22: To record Purchase of Supplies on Account
C23: Insurance | D23: 4800
B24: 14/11/2019 | C24: Cash | E24: 4800
C25: To record payment of 1-year Insurance
C26: Utilities Expenses | D26: 12800
B27: 43477 | C27: Salaries Expense | D27: 50000
C28: Rent Expense | D28: 131000
C29: Cash | E29: 193800
C30: To record payment of Expenses : Utilities, salaries and Rent

Sheet Ledger
A1: dr | B1: Cash A/c | H1: cr
B2: =Journalize!B5 -> 43466 | C2: Ordinary Share | D2: =Journalize!D5 -> 99000 | E2: =Journalize!B8 -> 43587 | F2: Land | G2: =Journalize!E9 -> 43200
B3: 43469 | C3: Accounts Receivable | D3: =G22 -> 264800 | E3: =Journalize!B18 -> 43743 | F3: Equipment | G3: =Journalize!E18 -> 110000
B4: 31/12/2019 | E4: =Journalize!B24 -> 14/11/2019 | F4: Insurance | G4: =Journalize!E24 -> 4800
F5: Bal c/d | G5: =D6-158000 -> 205800
D6: =SUM(D2:D3) -> 363800
B8: Ordinary Share Capital
E9: =B2 -> 43466 | F9: Cash | G9: =D2 -> 99000
B10: 31/12/2o19 | C10: Bal c/d | D10: =G9 -> 99000
D13: =G13 -> 99000 | G13: =G9 -> 99000
B15: Land A/c
B16: =E2 -> 43587 | C16: Cash | D16: =G2 -> 43200 | E16: 31/12/2019 | F16: Bal c/d | G16: =D16 -> 43200
D19: =D16 -> 43200 | G19: =G16 -> 43200
B21: Accounts Receivable
B22: =Journalize!B11 -> 43527 | C22: Service Revenue | D22: =Journalize!D11 -> 310000 | E22: =Journalize!B14 -> 43469 | F22: Cash | G22: =Journalize!D14 -> 264800
E23: 31/12/2019 | F23: Bal C/d | G23: =D22-G22 -> 45200
D25: =D22 -> 310000 | G25: =D22 -> 310000
B27: Service Revenue
B28: 31/12/2019 | C28: Bal c/d | D28: =G28 -> 310000 | E28: =B22 -> 43527 | F28: Accounts Receivable | G28: =D22 -> 310000
D30: =D28 -> 310000 | G30: =G28 -> 310000
B32: Equipment A/c
B33: =Journalize!B18 -> 43743 | C33: Cash | D33: =Journalize!D17 -> 110000 | E33: 31/12/2019 | F33: bal c/d | G33: =D33 -> 110000
D35: =D33 -> 110000 | G35: =G33 -> 110000
B37: Land A/c
B38: =Journalize!B8 -> 43587 | C38: Cash | D38: =Journalize!D8 -> 43200 | E38: 31/12/2019 | F38: bal c/d | G38: =D38 -> 43200
D40: =D38 -> 43200 | G40: =G38 -> 43200
B42: Supplies A/c
B43: =Journalize!B21 -> 15/8/2019 | C43: Accounts Payable | D43: =Journalize!D20 -> 10800 | F43: Bal c/d | G43: =G45 -> 10800
D45: =D43 -> 10800 | G45: =D45 -> 10800

Sheet Unadjusted TB
B1: ADAM COMPANY
B2: UNADJUSTED TRIAL BALANCE
B3: FOR THE YEAR 2019
B4: Account Title | C4: DR | D4: CR
B5: =Journalize!C5 -> Cash | C5: 12000
B6: Ordinary Share Capital | D6: =Journalize!E6 -> 99000
B7: Land | C7: =Journalize!D8 -> 43200
B8: Equipment | C8: =Journalize!D17 -> 110000
B9: Service Revenue | D9: =Ledger!G28 -> 310000
B10: Acounts Receivable | C10: =Ledger!G23 -> 45200
B11: Supplies | C11: =Journalize!D20 -> 10800
B12: Accounts Payable | D12: =Journalize!E21 -> 10800
B13: Insurance | C13: =Journalize!D23 -> 4800
B14: Utlilities Expense | C14: =Journalize!D26 -> 12800
B15: Rent Expenses | C15: =Journalize!D27 -> 50000
B16: =Journalize!C27 -> Salaries Expense | C16: =Journalize!D28 -> 131000
C18: =SUM(C5:C17) -> 419800 | D18: =SUM(D5:D17) -> 419800

Sheet ADJ TB
B1: ADAM COMPANY
B2: TRIAL BALANCE
B3: FOR THE YEAR 2019
B4: Account Title | C4: DR | D4: CR
B5: Cash | C5: 12000
B6: Ordinary Share Capital | D6: 99000
B7: Land | C7: 43200
B8: Equipment | C8: 110000
B9: Service Revenue | D9: 313000
B10: Acounts Receivable | C10: =45200+3000 -> 48200
B11: Supplies | C11: 16600
B12: Accounts Payable | D12: 16600
B13: Insurance | C13: 6800
B14: Utlilities Expense | C14: 12800
B15: Rent Expenses | C15: 50000
B16: Salaries Expense | C16: 139000
B17: Insurance due | D17: 2000
B18: Salaries Due | D18: 8000
C20: =SUM(C5:C18) -> 438600 | D20: =SUM(D5:D18) -> 438600

Sheet Bal Sht
B2: Adam Company
B3: Balance Sheet
B4: As At 31/12/2019
B6: Non-Current Asset | C6: Cost | D6: Dep | E6: NBV
B7: =Journalize!C17 -> Equipment | C7: 110000 | D7: 15000 | E7: =C7-D7 -> 95000
B8: Land | C8: 43200 | E8: 43200
B9: Total non-current Asset | E9: =E7+E8 -> 138200
B11: Current Asset
B12: Cash | C12: 12000
B13: Supplies | C13: 16600
B14: Accounts Receivable | C14: ='ADJ TB'!C10 -> 48200
D15: =C12+C14 -> 60200
B16: current Liabilities
B17: Accounts Payab;e | C17: 16600
B18: Salaries Due | C18: 8000
B19: Insurance | C19: 2000
D21: 26600
B22: Net Assets | E22: =D15-D21 -> 33600
B23: Total Assets | E23: =E9+E22 -> 171800
B25: Financed BY
B26: =Journalize!C6 -> Ordinary Share Capital | C26: =Journalize!E6 -> 99000
B27: Net Income | C27: =Sheet4!C8 -> 89400
E28: =C26+C27 -> 188400

Sheet Income Stmt
B2: Adam Company
B3: Income statement
B4: For the Year Ended 31/12/2019
B6: ='ADJ TB'!B9 -> Service Revenue | D6: =313000 -> 313000
B7: Less
B8: Operation Expenses
B9: =Journalize!C26 -> Utilities Expenses | C9: =Journalize!D26 -> 12800
B10: Insurance | C10: 6800
B11: =Journalize!C27 -> Salaries Expense | C11: =Journalize!D27+8000 -> 58000
B12: Depreciation | C12: 15000
B13: =Journalize!C28 -> Rent Expense | C13: =Journalize!D28 -> 131000
B15: Total Operating Expenses | D15: =SUM(C9:C13) -> 223600
B16: Net Income | D16: =D6-D15 -> 89400

Sheet Sheet4
B2: Adam Company
B3: Statement of Retained Earnigs
B4: For the Year Ended 31/12/2019
B5: Retained earnings at December 31, 2019 | C5: 0
B6: Net income for the year ended December 31, 2019 | C6: ='Income Stmt'!D16 -> 89400
B7: Dividends | C7: 0
B8: Retained earnings at December 31, 2019 | C8: =C5+C6-C7 -> 89400
